[Event "*** SCC Grand Prix: Titled Tuesday Blitz"]
[Site "Chess.com"]
[Date "2020.06.23"]
[Round "1"]
[White "CroissantNeuf"]
[Black "econpower"]
[Result "0-1"]
[WhiteElo "2386"]
[BlackElo "2740"]
[TimeControl "180+1"]
[EndTime "10:08:02 PDT"]
[Termination "econpower won by resignation"]

1. e4 d6 2. d4 Nf6 3. Bd3 e5 4. Nf3 Nbd7 5. O-O Be7 6. c3 O-O 7. Re1 c6 8. a4 Qc7 9. a5 Rb8 10.
Be3 b5 11. axb6 axb6 12. Nbd2 b5 13. b4 Re8 14. Nb3 Bf8 15. Bg5 h6 16. Bh4 c5 17.
Na5 exd4 18. cxd4 c4 19. Bc2 d5 20. Bg3 Qb6 21. Bxb8 Nxb8 22. e5 Bxb4 23. exf6 Bxe1 24.
Nxe1 Qxf6 25. Qd2 Na6 26. Nf3 b4 27. Ne5 b3 28. Nxb3 cxb3 29. Bxb3 Qd6 30. Qd3 Nc7 31. Bc2 g6 32. h3 Bf5 33. Qc3 Bxc2 34. Qxc2 Ne6 35. Ng4 Nxd4 36. Qd2 Ne2+ 37. Kh1 h5 38. Ne3 Nf4 39. Qd4 Qe5 40. Qxe5 Rxe5 41. Ra8+ Kg7 42.
Rd8 Kf6 43. Kh2 Ke7 44. Ra8 d4 45. Nc4 Rc5 46. Ra7+ Ke6 47. Nd2 Rc2 48. Nf3 Ne2 49. Ra6+ Kf5 50. Ra5+ Kf6 51. Ra6+ Kg7 52. Ra5 d3 53.
Rd5 Nf4 54. Rd4 Ne6 55. Rxd3 Rxf2 56. Rd4 Nxd4 0-1

[Event "*** SCC Grand Prix: Titled Tuesday Blitz"]
[Site "Chess.com"]
[Date "2020.06.23"]
[Round "1"]
[White "ChessQueen"]
[Black "Chernov_Mikhail"]
[Result "1-0"]
[WhiteElo "2702"]
[BlackElo "2358"]
[TimeControl "180+1"]
[EndTime "10:08:02 PDT"]
[Termination "ChessQueen won by resignation"]

1. e4 c5 2. c3 Nf6 3. e5 Nd5 4.
d4 cxd4 5. Nf3 Nc6 6. cxd4 d6 7.
Bc4 e6 8. O-O Be7 9. Qe2 O-O 10.
Rd1 dxe5 11. dxe5 Qa5 12. Bd2 Bb4 13. a3 Bxd2 14. Nbxd2 Nf4 15. Qe4 Ng6 16. b4 Qc7 17.
Re1 Rd8 18. Rac1 Qb8 19. Nb3 Bd7 20. h4 h6 21. h5 Nf8 22. Nc5 Be8 23. Qg4 b6 24.
Ne4 Nxe5 25. Nf6+ Kh8 26. Nxe5 gxf6 27. Nf3 Bc6 28. Re3 Bxf3 29. Rxf3 Qe5 30. Bd3 Qg5 31.
Qxg5 hxg5 32. Be4 Kg7 33. Bxa8 Rxa8 34. Rc7 a5 35. b5 f5 36. Rd3 g4 37. Rd6 Rb8 38.
g3 Kf6 39. Rcc6 Nh7 40. Rxb6 Rc8 41. Rbc6 Rb8 42. b6 Ng5 43. Kg2 Nf3 44. Rc3 Rh8 45.
b7 Rxh5 46. Rxf3 gxf3+ 47. Kxf3 Rh8 48. Rb6 Rb8 49. Ke3 Ke5 50. Rb5+ Kd6 51. Kf4 f6 52. f3 Ke7 53. Rb6 Kf7 54. Ke3 Ke7 55. Kd4 Kd7 56.
Kc5 Ke7 57. Kc6 e5 58. Kc7 1-0

[Event "*** SCC Grand Prix: Titled Tuesday Blitz"]
[Site "Chess.com"]
[Date "2020.06.23"]
[Round "1"]
[White "talaicito"]
[Black "Isajevsky_Anton"]
[Result "0-1"]
[WhiteElo "2089"]
[BlackElo "2506"]
[TimeControl "180+1"]
[EndTime "10:08:06 PDT"]
[Termination "Isajevsky_Anton won on time"]

1. d4 d5 2. Bf4 Nf6 3. Nc3 a6 4. e3 e6 5. Nf3 c5 6. a3 Nc6 7. Ne5 Bd7 8. Be2 Be7 9. O-O O-O 10. Bf3 cxd4 11. exd4 Rc8 12. Ne2 Ne8 13. c3 Nd6 14.
Ng3 g6 15. Re1 Nxe5 16. dxe5 Nc4 17. Rb1 Re8 18. Be2 Qb6 19. Bxc4 Rxc4 20. Be3 Qc7 21.
Bd4 a5 22. Qg4 Rc8 23. h4 Qd8 24. h5 Qf8 25. hxg6 fxg6 26. Re3 Kh8 27. Ne2 Qf5 28.
Qxf5 gxf5 29. b3 R4c6 30. a4 Be8 31. Nf4 Bg5 32. Rf3 Bxf4 33. Rxf4 Kg7 34. Rd1 Bg6 35. Rd3 Rb8 36. b4 axb4 37. cxb4 Rc4 38. Rb3 Ra8 39. a5 Be8 40. g3 Ba4 41. Rb2 Bb5 42. Kg2 Rac8 43.
Bc5 Rxf4 44. gxf4 Kf7 45. Kf3 Rg8 46. Rb1 h5 47. Rh1 Rh8 48. Rh4 Ba4 49. Ke2 Bb5+ 50.
Ke3 Kg6 51. Kd2 Kh6 52. Be7 Rg8 53. Bg5+ Kg6 54. f3 Rc8 55. Rh1 Rc4 56. Rb1 h4 0-1

[Event "*** SCC Grand Prix: Titled Tuesday Blitz"]
[Site "Chess.com"]
[Date "2020.06.23"]
[Round "1"]
[White "enzovsky"]
[Black "QuintilianoR"]
[Result "0-1"]
[WhiteElo "2306"]
[BlackElo "2620"]
[TimeControl "180+1"]
[EndTime "10:08:07 PDT"]
[Termination "QuintilianoR won by resignation"]

1. e4 c5 2. Nf3 d6 3. d4 cxd4 4. Nxd4 Nf6 5. Nc3 g6 6. Be3 Bg7 7. f3 O-O 8. Qd2 Nc6 9. O-O-O d5 10. Qe1 e5 11. Nxc6 bxc6 12. exd5 Nxd5 13. Bc4 Be6 14. Ne4 Qc7 15. Bc5 Rfd8 16. Qh4 h6 17. g4 Rd7 18. g5 h5 19. Qf2 Rad8 20. h4 Nf4 21. Rxd7 Rxd7 22. Bxe6 Nxe6 23. Be3 Qd8 24. c3 Rd5 25. Qc2 Qa5 26. Kb1 Qa6 27. Rd1 Qb7 28. a3 Qd7 29. Kc1 a6 30. c4 Nd4 31. Bxd4 Rxd4 32. Rd2 Qh3 33. Rxd4 exd4 34. Qf2 Be5 35. Kc2 Qf5 36. Kb3 Kg7 37. Ka2 Qf4 38. Kb3 Qc1 39. c5 a5 40. Ka2 a4 41. Qe2 Qe3 42. Qf1 d3 43. Qd1 Qe2 44. Qb1 Qc2 45. Ka1 Qb3 46. Qa2 Qd1+ 47. Qb1 Qc2 48. Ka2 Qb3+ 49. Ka1 Qxa3+ 50. Qa2 Bxb2+ 51. Kb1 Qxa2+ 52. Kxa2 a3 53. Kb3 Bc1 54. Nf2 d2 55. Nd1 f6 56. f4 fxg5 57. fxg5 Kf7 58. Kc2 Ke6 59. Nc3 Kf5 0-1

[Event "*** SCC Grand Prix: Titled Tuesday Blitz"]
[Site "Chess.com"]
[Date "2020.06.23"]
[Round "1"]
[White "Kildepiotr"]
[Black "Brave_spirit12"]
[Result "1-0"]
[WhiteElo "2605"]
[BlackElo "2255"]
[TimeControl "180+1"]
[EndTime "10:08:08 PDT"]
[Termination "Kildepiotr won by resignation"]

1. Nf3 Nf6 2. g3 g6 3. Bg2 Bg7 4. O-O O-O 5. d4 d5 6. c4 c6 7. Nc3 Ne4 8. Qb3 Nxc3 9. bxc3 dxc4 10. Qxc4 Be6 11. Qb4 Na6 12. Qxb7 Qa5 13. Bd2 Bc4 14. Qxc6 Bxe2 15. Rfe1 Bxf3 16. Bxf3 Rac8 17. Qd5 Qc7 18. Qb5 Nb8 19. Rab1 e6 20. Rb3 Nd7 21. Bf4 Qd8 22. Qa6 g5 23. Bd6 Nb8 24. Qa3 Re8 25.
Reb1 Nc6 26. Bc5 Na5 27. Rb5 Nc4 28. Qc1 Qf6 29. Be2 Nb6 30. Qd2 Qf5 31. Bd3 Qf3 32. Qe2 Qc6 33. Ra5 Nd5 34. Qd2 Red8 35. Rxa7 e5 36.
Qxg5 exd4 37. Bxd4 Nf6 38. Rb6 Qxb6 39. Bxb6 Rxd3 40.
Bd4 Rxd4 41. cxd4 Rd8 42. Ra6 h6 43. Qe3 Nd5 44. Qe4 Nc3 45. Qf3 Bxd4 46. Rxh6 Bg7 47.
Rc6 Nd5 48. Rc5 Nb4 49. Rg5 Nxa2 50. Qf6 Rd1+ 51. Kg2 Kf8 52. Qxg7+ Ke7 53. Re5+ Kd6 54. Qf6+ Kd7 55. Qxf7+ Kc8 56. Qe8+ Rd8 57. Qc6+ Kb8 58. Rb5+ 1-0

[Event "*** SCC Grand Prix: Titled Tuesday Blitz"]
[Site "Chess.com"]
[Date "2020.06.23"]
[Round "1"]
[White "dosto07"]
[Black "AwareIdea"]
[Result "1/2-1/2"]
[WhiteElo "2172"]
[BlackElo "2528"]
[TimeControl "180+1"]
[EndTime "10:08:08 PDT"]
[Termination "Game drawn by repetition"]

1. e4 e5 2. Nf3 Nc6 3. Bb5 Nf6 4. O-O Nxe4 5. Re1 Nd6 6. Nxe5 Be7 7.
Bf1 Nxe5 8. Rxe5 O-O 9. d4 Ne8 10. Nc3 Bf6 11. Re1 d5 12. Bf4 c6 13. Be5 Bxe5 14.
Rxe5 Nd6 15. Bd3 Qf6 16. Qh5 g6 17. Qh6 Nf5 18. Qf4 Kg7 19. Rae1 Be6 20. Ne2 Nd6 21.
Qe3 Rae8 22. Nf4 Bd7 23. h3 Qd8 24. Qg3 Bf5 25. Rxe8 Rxe8 26. Rxe8 Qxe8 27. Nh5+ Kh6 28. Qxd6 Bxd3 29. Qf4+ g5 30. Qf6+ Bg6 31. Ng3 Qe1+ 32. Kh2 Qd2 33. c3 Qf4 34. Qxf4 gxf4 35. Ne2 Kg5 36.
f3 Kf5 37. Kg1 Kg5 38. Kf2 Bb1 39. a3 Bd3 40. Nc1 Bc2 41. Ne2 Bd3 42. Nc1 Bc2 43.
Ne2 a5 44. h4+ Kf5 45. Ng1 Bd3 46. Nh3 h6 47. Ng1 Bc2 48. g3 fxg3+ 49. Kxg3 Bd3 50. Nh3 Bc2 51. Nf4 Kf6 52. Nh5+ Kf5 53. Nf4 Kf6 54. Nh5+ Kf5 55. Nf4 1/2-1/2

[Event "*** SCC Grand Prix: Titled Tuesday Blitz"]
[Site "Chess.com"]
[Date "2020.06.23"]
[Round "1"]
[White "2007checkmate"]
[Black "Radzio1987"]
[Result "1/2-1/2"]
[WhiteElo "2449"]
[BlackElo "2853"]
[TimeControl "180+1"]
[EndTime "10:08:09 PDT"]
[Termination "Game drawn - insufficient material"]

1. Nc3 d5 2. d4 Nf6 3. Bf4 a6 4.
e3 e6 5. Bd3 c5 6. Nf3 Nc6 7.
O-O c4 8. Be2 b5 9. Ne5 Bb7 10.
Bf3 Be7 11. Ne2 O-O 12. Ng3 Nxe5 13. Bxe5 Nd7 14. e4 Nxe5 15. dxe5 d4 16. Qd2 d3 17.
cxd3 Qxd3 18. Qxd3 cxd3 19. Rfd1 Rfd8 20. Rac1 Rac8 21.
Rxc8 Bxc8 22. Nh5 b4 23. Nf4 d2 24. Kf1 a5 25. Be2 Bb7 26. f3 Bc5 27. Bc4 Be3 28. g3 g5 29. Ng2 Bc5 30. Ke2 g4 31. fxg4 Bxe4 32. Nf4 a4 33. Rxd2 Bf3+ 34. Ke1 Rxd2 35.
Kxd2 Bxg4 36. h3 Bf3 37. Nd3 Be7 38. Ke3 Bc6 39. b3 axb3 40. axb3 Kg7 41. Kd4 Bg2 42. Nf4 Bf3 43. Bd3 Kh6 44. Kc4 Kg5 45. Bxh7 Bd1 46. Bd3 Bf3 47. Be2 Bc6 48. Nd3 Bd5+ 49. Kb5 Bxb3 50.
Nxb4 Kf5 51. Nc6 Bg5 52. Nd4+ Kxe5 53. Nxb3 Ke4 54. Kc5 Ke3 55. Bh5 Kf2 56. Bxf7 e5 57. g4 Kg3 58. Kd5 Kxh3 59. Be6 Kg3 60. Kxe5 Be7 61.
Kf5 Kf3 62. Nd4+ Ke3 63. Nc6 Bh4 64. Ne5 Be7 65. Ng6 Bd8 66. Nf4 Kf3 67. Nd5 Bh4 68. Ne7 Bxe7 69. g5 Bxg5 1/2-1/2

[Event "*** SCC Grand Prix: Titled Tuesday Blitz"]
[Site "Chess.com"]
[Date "2020.06.23"]
[Round "1"]
[White "rugbyclub"]
[Black "Zq1"]
[Result "1/2-1/2"]
[WhiteElo "2127"]
[BlackElo "2506"]
[TimeControl "180+1"]
[EndTime "10:08:09 PDT"]
[Termination "Game drawn - insufficient material"]

1. c4 e6 2. Nc3 d5 3. d4 Be7 4.
cxd5 exd5 5. Bf4 Nf6 6. e3 O-O 7. Bd3 c5 8. Nge2 Nc6 9. dxc5 Bxc5 10. O-O d4 11. Na4 Bd6 12. Bxd6 Qxd6 13. Nxd4 Nxd4 14.
exd4 Bg4 15. Be2 Bxe2 16. Qxe2 Qxd4 17. Nc3 Rfe8 18. Qf3 Ne4 19. Nxe4 Qxe4 20. Qxe4 Rxe4 21. Rfe1 Rxe1+ 22. Rxe1 Kf8 23. Rc1 Rd8 24. g3 Rd7 25.
Rc2 h5 26. Kg2 g6 27. h4 Ke7 28. Kf3 Ke6 29. Rc3 Ke5 30. Re3+ Kd4 31. Rb3 Re7 32. Kf4 Kc4 33. Rc3+ Kd4 34. Rb3 b6 35. a3 Kc4 36. Rc3+ Kd5 37. Rd3+ Kc5 38. Rc3+ Kd4 39.
Rb3 Re6 40. Kg5 Re5+ 41. Kh6 Rf5 42. f4 Kc4 43. Rc3+ Kd4 44. Kg7 a5 45. a4 Kd5 46.
Rc7 Ke4 47. Rxf7 Kf3 48. Kxg6 Rc5 49. f5 Kg4 50. Rf6 b5 51. axb5 Rxb5 52. Kh6 Rxb2 53. Ra6 Kxg3 54. f6 Rf2 55. Kg7 Kxh4 56. Rxa5 Kg4 57.
f7 h4 58. f8=Q Rxf8 59. Kxf8 h3 60. Kg7 Kg3 61. Kf6 h2 62. Ra1 Kg2 63. Ra2+ Kg3 64. Ra1 Kg2 65. Kg5 h1=R 66. Rxh1 Kxh1 1/2-1/2

[Event "*** SCC Grand Prix: Titled Tuesday Blitz"]
[Site "Chess.com"]
[Date "2020.06.23"]
[Round "1"]
[White "vladislavkovalev"]
[Black "LedakovAlexandr"]
[Result "1-0"]
[WhiteElo "2913"]
[BlackElo "2451"]
[TimeControl "180+1"]
[EndTime "10:08:10 PDT"]
[Termination "vladislavkovalev won on time"]

1. e4 Nc6 2. Nf3 d6 3. d4 g6 4. d5 Nb8 5. c4 Bg4 6. Be2 Bxf3 7. Bxf3 Bg7 8. O-O Nf6 9. Nc3 O-O 10. g3 c6 11. Bg2 Nfd7 12. Be3 a5 13. Rc1 Na6 14.
f4 Qc7 15. Qd2 Nac5 16. Kh1 a4 17. h4 Rfc8 18. h5 Qa5 19. hxg6 hxg6 20. Bd4 Qb4 21. Bxg7 Kxg7 22. Qd4+ f6 23. Rf2 e5 24. dxe6 Nxe6 25. Qe3 Qc5 26. Qxc5 Nexc5 27. Rd2 Nb6 28. Bf1 Rd8 29.
Rcd1 Nc8 30. Kg2 Kf7 31. Kf3 Ke7 32. Rh2 Rf8 33. Rh6 g5 34. Rh7+ Rf7 35. Rh8 Nb6 36. Rxa8 Nxa8 37. Ne2 gxf4 38. gxf4 Ne6 39. Ng3 Ng7 40.
Bh3 Nc7 41. Bf5 Nce6 42. Bg4 Nc5 43. Rh1 Nd3 44. b3 axb3 45. axb3 Nc5 46. b4 Na6 47. b5 Nc5 48. Rh8 Rf8 49. Rh7 Rf7 50. Ke3 Nce6 51. Bxe6 Kxe6 52. Rh8 Kd7 53. b6 Ne8 54. Nf5 Ng7 55. Nh6 1-0

[Event "*** SCC Grand Prix: Titled Tuesday Blitz"]
[Site "Chess.com"]
[Date "2020.06.23"]
[Round "1"]
[White "crossingthestreet"]
[Black "Igrok3069"]
[Result "0-1"]
[WhiteElo "2385"]
[BlackElo "2736"]
[TimeControl "180+1"]
[EndTime "10:08:10 PDT"]
[Termination "Igrok3069 won by resignation"]

1. c4 c6 2. Nc3 d5 3. e3 Nf6 4. Nf3 a6 5. Qc2 g6 6. d4 Bg7 7.
Bd3 O-O 8. O-O dxc4 9. Bxc4 Bf5 10. Qe2 b5 11. Bb3 c5 12. a3 c4 13. Bc2 Bxc2 14. Qxc2 Nc6 15. Rd1 Na5 16. e4 Nb3 17. Rb1 Nxc1 18.
Rbxc1 Nd7 19. e5 Bh6 20. Rb1 Rc8 21. h4 Qb6 22. Nd5 Qe6 23. Nc3 Rfd8 24. Qe4 Nf8 25. d5 Qf5 26. Qxf5 gxf5 27. Nd4 e6 28. Nc6 Re8 29. Nb4 Ra8 30. g3 Ng6 31. f4 Bf8 32. d6 Red8 33. h5 Nh8 34. Kf2 f6 35. Nc6 Rd7 36.
Nd4 fxe5 37. fxe5 Nf7 38. Re1 Bg7 39. Kf3 Nxe5+ 40. Kf4 Nd3+ 41. Ke3 Nxe1 42. Rxe1 Rxd6 43.
Nf3 Rad8 44. Kf2 e5 45. Nxe5 Rd2+ 46. Kf3 Rxb2 47. Kf4 Rc2 48. Ne2 Re8 49. Nd4 Rxe5 50. Rxe5 Bxe5+ 51. Kxe5 Ra2 52. Kxf5 Rxa3 53. g4 Rd3 54.
Ke5 c3 55. g5 Rxd4 56. Kxd4 c2 57. Ke5 c1=Q 58. Kf6 Qc3+ 59. Kf5 Qh3+ 60. Kf4 Qxh5 61.
g6 Qxg6 0-1

[Event "*** SCC Grand Prix: Titled Tuesday Blitz"]
[Site "Chess.com"]
[Date "2020.06.23"]
[Round "1"]
[White "theblitzchamp"]
[Black "albano87"]
[Result "1-0"]
[WhiteElo "2652"]
[BlackElo "2328"]
[TimeControl "180+1"]
[EndTime "10:08:10 PDT"]
[Termination "theblitzchamp won on time"]

1. d4 d5 2. Bf4 e6 3. e3 Nf6 4. Nf3 Bd6 5. Nbd2 O-O 6. c3 c5 7. Bg3 b6 8. Bd3 Bb7 9. Qe2 Bxg3 10. hxg3 Nbd7 11. Rd1 h6 12. O-O Ng4 13. e4 cxd4 14. Nxd4 dxe4 15. Nxe4 Ndf6 16. Bb1 Qe7 17. Rfe1 Rad8 18.
f3 Nxe4 19. Bxe4 Bxe4 20. Qxe4 Nf6 21. Nc6 Qc5+ 22. Kh2 Nxe4 23. Nxd8 Nf6 24. g4 Qg5 25. Nc6 Qh4+ 26. Kg1 h5 27. gxh5 Nxh5 28. Re4 Qf6 29. Rdd4 g6 30. Rg4 Ng7 31. Nb4 Re8 32. Rd1 e5 33.
Re4 Qe6 34. Nd5 f6 35. c4 Qf7 36. Re2 Rd8 37. Red2 Ne6 38. b3 Kg7 39. Re1 Rd7 40. Rde2 Qf8 41. Re4 Qc5+ 42. Kf1 Nf4 43. Ne3 Nd3 44. Re2 f5 45. Rh4 Kf6 46. g4 f4 47.
g5+ Kxg5 48. Rg4+ Kf6 49. Ng2 Rd4 50. Nh4 Nb2 51. Rxg6+ Kf7 52. Rg5 Rd1+ 53. Re1 Qg1+ 54. Rxg1 Rxe1+ 55. Kxe1 1-0

[Event "*** SCC Grand Prix: Titled Tuesday Blitz"]
[Site "Chess.com"]
[Date "2020.06.23"]
[Round "1"]
[White "Ovsiannikov_Maxim"]
[Black "sergeikim"]
[Result "0-1"]
[WhiteElo "2121"]
[BlackElo "2518"]
[TimeControl "180+1"]
[EndTime "10:08:10 PDT"]
[Termination "sergeikim won by resignation"]

1. d4 Nf6 2. Bg5 g6 3. Bxf6 exf6 4. h4 h5 5. Nh3 Bh6 6. Nc3 d6 7. g3 f5 8. Bg2 Nd7 9. e3 Nf6 10. Nf4 c6 11. Qd3 Qe7 12. O-O-O Ng4 13. Qd2 O-O 14.
Rde1 Bd7 15. f3 Nf6 16. Kb1 Rfe8 17. Re2 b5 18. Rhe1 b4 19. Nd1 a5 20. Qd3 Bc8 21.
Rf2 Ba6 22. Qd2 Bxf4 23. gxf4 Nd5 24. e4 Nb6 25. Bf1 Bxf1 26. Rfxf1 Qf6 27. e5 dxe5 28.
fxe5 Qd8 29. Rg1 Kh7 30. Rg5 a4 31. Reg1 Re6 32. Ne3 a3 33. Nxf5 Nc4 34. Qf4 axb2 35. Nd6 Nxd6 36. exd6 Ra7 37. Rxh5+ gxh5 38. Qf5+ Rg6 39. Qxh5+ Kg7 40. Qe5+ Kg8 41. Rxg6+ fxg6 42. Qe6+ Kg7 43. Qe5+ Qf6 44. Qc5 Rd7 45. Qxc6 Qxd6 46. Qe4 Qxd4 47. Qe2 Qd1+ 48. Qxd1 Rxd1+ 49. Kxb2 Rh1 50.
h5 Rxh5 51. Kb3 Rh4 52. f4 Kf6 53. Kxb4 Rxf4+ 54. c4 Ke6 55. a4 Kd7 56. a5 Kc7 57. Kc5 Kb7 58. Kd5 Ka6 59. c5 Kxa5 60. Ke5 Rf8 61. c6 Rc8 62. c7 Kb6 63. Kf6 Rxc7 0-1

[Event "*** SCC Grand Prix: Titled Tuesday Blitz"]
[Site "Chess.com"]
[Date "2020.06.23"]
[Round "1"]
[White "ARTHURMOTIVATOR"]
[Black "tsvet2005"]
[Result "1/2-1/2"]
[WhiteElo "2346"]
[BlackElo "2653"]
[TimeControl "180+1"]
[EndTime "10:08:12 PDT"]
[Termination "Game drawn by agreement"]

1. e4 c5 2. b3 g6 3. Bb2 Nf6 4.
e5 Nd5 5. d4 Bg7 6. Nf3 cxd4 7.
Qxd4 Nc7 8. Nbd2 Nc6 9. Qh4 d6 10. O-O-O d5 11. Kb1 O-O 12. Bd3 Ne6 13. Ng5 Nxg5 14.
Qxg5 h6 15. Qg3 Nb4 16. Nf3 Nxd3 17. Rxd3 Bf5 18. Rd2 Rc8 19. Nd4 Qd7 20. Re1 b5 21. e6 fxe6 22. Nxf5 Rxf5 23. Qxg6 Rg5 24. Qxe6+ Qxe6 25.
Rxe6 Rxg2 26. Bxg7 Kxg7 27. Rxe7+ Kf6 28. Rxa7 Rxh2 29.
Ra5 Rc5 30. a4 h5 31. Rxb5 Rxb5 32. axb5 Ke6 33. b6 Rg2 34. b7 Rg8 35. Rd4 Rb8 36.
Rh4 Rxb7 37. Rxh5 Rf7 38. Rh6+ Ke5 39. Rh2 Ke4 40. Kb2 Kd4 41. Rh4+ Kc5 42. f4 Rf5 43. Rg4 Rf7 44. Kc3 Rh7 45. Kb2 Rh3 46. f5 Rf3 47.
Rg5 Rf2 48. Kc3 Rf3+ 49. Kd2 Rf2+ 50. Kd3 Kd6 51. c3 Rf3+ 52. Kd2 Rf2+ 53. Ke3 Rc2 54. Kd3 Rf2 55. b4 Ke5 56. f6+ 1/2-1/2

[Event "*** SCC Grand Prix: Titled Tuesday Blitz"]
[Site "Chess.com"]
[Date "2020.06.23"]
[Round "1"]
[White "51616516516"]
[Black "GoltsevDmitry2000"]
[Result "0-1"]
[WhiteElo "2309"]
[BlackElo "2630"]
[TimeControl "180+1"]
[EndTime "10:08:12 PDT"]
[Termination "GoltsevDmitry2000 won by resignation"]

1. c4 Nf6 2. d4 e6 3. Nc3 Bb4 4.
Qc2 Qe7 5. Nf3 b6 6. e4 Bb7 7. Bd3 Bxc3+ 8. bxc3 d6 9. O-O e5 10. Bg5 h6 11. Bh4 Nbd7 12. Rfe1 g5 13. Bg3 Nh5 14.
Rab1 Nf4 15. Bf1 f6 16. a4 a5 17. c5 dxc5 18. d5 Ba6 19. Bxf4 gxf4 20. Nh4 Rg8 21.
Nf5 Qh7 22. Bxa6 Rxa6 23. d6 c6 24. f3 Kd8 25. Ne7 Rg7 26. Nxc6+ Ke8 27. Qb3 Qg8 28. Qb5 Rxg2+ 29. Kh1 Qa2 30. Qf1 Rxh2+ 31. Kg1 Rh5 32. Re2 Qg8+ 33. Rg2 Rg5 34. Qxa6 Rxg2+ 35. Kh1 Kf7 36. Qc4+ Kf8 37. Qxg8+ Rxg8 38. Ne7 Rg3 39.
Nd5 Rxf3 40. Nxb6 Nxb6 41. Rxb6 Ke8 42. Rb7 Rxc3 43. Rh7 Rd3 44. Rxh6 Rxd6 45. Rh8+ Kd7 46. Ra8 Rd4 47. Rxa5 Rxe4 48. Rxc5 Rxa4 49. Kg2 Ke6 50. Rc3 Kf5 51. Kf3 e4+ 52. Kf2 Ra2+ 53. Kf1 f3 54. Rb3 Kf4 0-1

[Event "*** SCC Grand Prix: Titled Tuesday Blitz"]
[Site "Chess.com"]
[Date "2020.06.23"]
[Round "1"]
[White "silverback96"]
[Black "mbojan"]
[Result "1/2-1/2"]
[WhiteElo "2265"]
[BlackElo "2589"]
[TimeControl "180+1"]
[EndTime "10:08:13 PDT"]
[Termination "Game drawn by repetition"]

1. d4 Nf6 2. c4 c5 3. d5 b5 4.
cxb5 a6 5. bxa6 g6 6. Nc3 Bg7 7. e4 O-O 8. a7 Rxa7 9. Nf3 d6 10. Bd3 Ba6 11. O-O Nfd7 12. Nb5 Rb7 13. a4 Ne5 14. Nxe5 Bxe5 15. Qc2 Bg7 16. Bd2 Qb6 17.
Bc3 Bxc3 18. bxc3 Nd7 19. c4 Qa5 20. Rfb1 Rfb8 21. h4 Ne5 22. h5 Kg7 23. Qb2 Kg8 24.
Be2 Ra8 25. f4 Nd7 26. Kf2 Nf6 27. Bf3 Kg7 28. Rh1 Bxb5 29. axb5 Qd8 30. g4 Kg8 31. Kg3 g5 32. fxg5 Nd7 33. g6 Ne5 34. Be2 Rba7 35.
Rxa7 Rxa7 36. Ra1 Qa8 37. Rxa7 Qxa7 38. b6 Qb7 39. Qb5 fxg6 40. hxg6 hxg6 41. g5 Kf7 42. Bg4 Nxg4 43. Kxg4 Qc8+ 44. Kg3 Qb7 45. Qc6 Qa6 46.
b7 Qa3+ 47. Kf4 Qd3 48. b8=Q Qf1+ 49. Ke3 Qe1+ 50. Kd3 Qd1+ 51. Kc3 Qc1+ 52. Kd3 Qd1+ 53.
Ke3 Qe1+ 54. Kf3 Qf1+ 55. Kg4 Qg1+ 56. Kf3 Qf1+ 57. Ke3 Qe1+ 1/2-1/2

[Event "*** SCC Grand Prix: Titled Tuesday Blitz"]
[Site "Chess.com"]
[Date "2020.06.23"]
[Round "1"]
[White "Makswolf200817"]
[Black "dretch"]
[Result "0-1"]
[WhiteElo "2404"]
[BlackElo "2797"]
[TimeControl "180+1"]
[EndTime "10:08:14 PDT"]
[Termination "dretch won by checkmate"]

1. Nf3 d5 2. e3 Nf6 3. c4 e6 4. b3 Bd6 5. Bb2 O-O 6. Nc3 c6 7. d4 Nbd7 8. Bd3 e5 9. cxd5 cxd5 10. dxe5 Nxe5 11. Nxe5 Bxe5 12. h3 d4 13. exd4 Qxd4 14. Na4 Qf4 15. g3 Qb4+ 16. Qd2 Qxd2+ 17. Kxd2 Bxb2 18. Nxb2 Rd8 19. Rad1 Be6 20. Kc2 Rac8+ 21. Kb1 Nd5 22. Ka1 Nb4 23. Be4 b5 24. h4 f5 25. Bb1 Kf7 26. Nd3 Nxd3 27. Bxd3 Rc5 28. Kb2 Kf6 29. Be2 Rdc8 30. Rc1 b4 31. Rhd1 Rxc1 32.
Rxc1 Rxc1 33. Kxc1 Ke5 34. Kd2 f4 35. Kd3 Bd5 36.
gxf4+ Kxf4 37. Kd4 Bf3 38. Bf1 Kg4 39. Kc5 Kxh4 40. Kxb4 Kg4 41. Kc5 h5 42. Kd4 Kf4 43.
b4 g5 44. b5 h4 45. a4 g4 46. a5 h3 47. Bxh3 gxh3 48. b6 axb6 49. a6 h2 50. a7 h1=Q 51. Kc4 Qc1+ 52. Kb4 Qb2+ 53. Kc4 Qa2+ 54. Kd4 Qxa7 55. Kd3 Qa4 56. Kd2 Qb4+ 57. Kc1 Be4 58. Kd1 Qb1+ 59. Ke2 Qc1 60. f3 Bxf3+ 61.
Kd3 Qd1+ 62. Kc3 Qc1+ 63. Kd3 Qb1+ 64. Kd2 Qb2+ 65. Ke1 Qe2# 0-1

[Event "*** SCC Grand Prix: Titled Tuesday Blitz"]
[Site "Chess.com"]
[Date "2020.06.23"]
[Round "1"]
[White "Yaacovn"]
[Black "MIJUAREZ"]
[Result "1-0"]
[WhiteElo "2772"]
[BlackElo "2393"]
[TimeControl "180+1"]
[EndTime "10:08:14 PDT"]
[Termination "Yaacovn won on time"]

1. d4 d5 2. e3 Nf6 3. Bd3 Bg4 4.
Ne2 e6 5. f3 Bh5 6. Nf4 Bg6 7.
Nxg6 hxg6 8. Nd2 Bd6 9. f4 c5 10. c3 Nc6 11. Nf3 Qc7 12. Ne5 Nd7 13. O-O g5 14.
Qg4 Ncxe5 15. fxe5 Be7 16. h3 Rh4 17. Qf3 f5 18. exf6 Nxf6 19. Bd2 O-O-O 20. Be1 g4 21.
Qg3 Rh6 22. Qxc7+ Kxc7 23. h4 Bd6 24. a3 Rd7 25. g3 Nh5 26. Kg2 Rf6 27. Rxf6 gxf6 28.
Bg6 Ng7 29. e4 dxe4 30. Bxe4 f5 31. Bd3 cxd4 32. cxd4 Kd8 33. Bf2 Nh5 34. Rd1 Bb8 35. Bc4 Rd6 36. d5 e5 37. Bc5 Rf6 38. d6 f4 39. Bd5 f3+ 40. Kf2 Bxd6 41. Be4 Ke7 42.
Bxa7 Rf8 43. Be3 Nf6 44. Bg5 Rc8 45. Bxf6+ Kxf6 46. Rxd6+ Ke7 47. Rd2 Rc4 48. Bxf3 gxf3 49. Kxf3 Ke6 50. h5 Kf5 51. Rh2 e4+ 52. Ke3 Rc8 53. h6 Rh8 54. h7 Kg4 55. Kxe4 Kxg3 56. Rh6 Kg4 57. Kd4 1-0

[Event "*** SCC Grand Prix: Titled Tuesday Blitz"]
[Site "Chess.com"]
[Date "2020.06.23"]
[Round "1"]
[White "esrosenberg"]
[Black "Stormeman100100"]
[Result "1-0"]
[WhiteElo "2126"]
[BlackElo "2496"]
[TimeControl "180+1"]
[EndTime "10:08:14 PDT"]
[Termination "esrosenberg won by checkmate"]

1. Nf3 Nf6 2. c4 e6 3. Nc3 d5 4. d4 Be7 5. Bg5 O-O 6. e3 h6 7. Bf4 Nbd7 8. Qc2 c5 9. Rd1 cxd4 10. exd4 b6 11. cxd5 Nxd5 12. Nxd5 exd5 13. Bb5 Nf6 14.
O-O Bd7 15. Ba6 Bc8 16. Bd3 Bg4 17. Rde1 Bxf3 18. gxf3 Bd6 19. Be5 Nh5 20. Kh1 Rc8 21. Qd2 Bxe5 22. Rxe5 Qh4 23. Rg1 Nf6 24. Rg3 Rc7 25. Kg2 Rfc8 26. Rh3 Qxh3+ 27. Kxh3 Rc1 28.
Bf5 R8c7 29. Re7 Rxe7 30. Qxc1 g6 31. Bd3 Kg7 32. Qc8 Nh5 33. Bb5 Re1 34. f4 Rg1 35. Qc7 g5 36. Qe5+ Kg8 37. Qe8+ Kg7 38. Qe5+ Kg8 39. fxg5 hxg5 40. Qe8+ Kg7 41. Qe5+ Kg6 42.
Bd3+ f5 43. Qxf5+ Kg7 44. Qg6+ Kf8 45. Qxh5 Ke7 46. Qh7+ Kd6 47. Qf5 g4+ 48. Qxg4 Rxg4 49. Kxg4 b5 50. h4 b4 51. h5 a5 52. h6 b3 53.
axb3 Kc6 54. h7 Kb6 55. h8=Q a4 56. Qe5 Ka5 57. bxa4 Kb4 58. Qxd5 Kxa4 59. Qb5# 1-0

[Event "*** SCC Grand Prix: Titled Tuesday Blitz"]
[Site "Chess.com"]
[Date "2020.06.23"]
[Round "1"]
[White "mishanick"]
[Black "THE_PLAYER6"]
[Result "1-0"]
[WhiteElo "2998"]
[BlackElo "2461"]
[TimeControl "180+1"]
[EndTime "10:08:15 PDT"]
[Termination "mishanick won by checkmate"]

1. d4 d5 2. c4 e6 3. Nf3 Nf6 4. Nc3 Be7 5. g3 O-O 6. Bg2 dxc4 7. Ne5 c5 8. dxc5 Qxd1+ 9. Nxd1 Bxc5 10. Be3 Bxe3 11.
Nxe3 c3 12. bxc3 Nbd7 13. N3c4 Rb8 14. Rb1 Nxe5 15. Nxe5 Nd7 16. Nd3 b6 17. Nb4 Bb7 18. O-O Rfc8 19. Rfd1 Nf6 20. Rb3 Bxg2 21. Kxg2 Kf8 22.
Ra3 Rb7 23. f3 Ke7 24. e4 Nd7 25. f4 a5 26. Nc2 Rbc7 27. Rd3 Rc4 28. Re3 Nc5 29.
Nd4 a4 30. Kf3 f6 31. h4 g6 32. h5 e5 33. Nc2 Nb7 34. Nb4 Ke6 35. Rxa4 Rxc3 36.
Ra6 Rxe3+ 37. Kxe3 Nd6 38. Rxb6 Rc3+ 39. Kf2 Kd7 40. Nd5 Nxe4+ 41. Ke1 Rxg3 42. fxe5 fxe5 43. a4 gxh5 44. a5 Ra3 45. a6 Nc5 46. Nf6+ Ke7 47. Nd5+ Kd7 48. Nb4 e4 49. Rh6 Nd3+ 50.
Nxd3 exd3 51. a7 Kc8 52. Rxh7 Ra6 53. Kd2 Ra3 54. Kc1 h4 55. Kb2 d2 56. Kxa3 d1=Q 57.
a8=Q# 1-0